 Dungeon Crawl Stone Soup version 0.29-a0-284-gf9362112df (webtiles) character file.

Game seed: 1724664883449864115

189 avis the Ruffian (level 5, -1/46 HPs)
             Began as a Hill Orc Monk on Mar 20, 2022.
             Slain by a gnoll sergeant
             ... wielding a +0 trident
              (6 damage)
             ... on level 4 of the Dungeon.
             The game lasted 00:12:09 (3726 turns).

avis the Ruffian (Hill Orc Monk)                    Turns: 3726, Time: 00:12:10

Health: -1/46      AC:  3    Str: 16    XL:     5   Next: 68%
Magic:  14/14      EV: 12    Int: 10    God:
Gold:   146        SH:  0    Dex: 13    Spells: 4/4 levels left

rFire   . . .      SeeInvis .     - Unarmed
rCold   . . .      Faith    .   (no shield)
rNeg    . . .      Spirit   .   c - +0 leather armour
rPois   .          Reflect  .   (no helmet)
rElec   .          Harm     .   (no cloak)
rCorr   +          Rampage  .   (no gloves)
Will    .....                   (no boots)
Stlth   ++........              (no amulet)
HPRegen 0.15/turn               n - ring of magical power
MPRegen 0.14/turn               r - ring of resist corrosion

@: no status effects
A: no striking features
a: no special abilities


You were on level 4 of the Dungeon.
You visited 1 branch of the dungeon, and saw 4 of its levels.

You collected 146 gold pieces.

Inventory:

Hand Weapons
 b - a +0 hunting sling
 w - a +1 spear of venom
Missiles
 g - 102 stones (quivered)
 q - a throwing net
Armour
 a - a +0 robe
 c - a +0 leather armour (worn)
 i - a +0 plate armour
Jewellery
 n - a ring of magical power (left hand)
 r - a ring of resist corrosion (right hand)
Scrolls
 d - 5 scrolls of identify {unknown}
 j - 4 scrolls of blinking {unknown}
 o - a scroll of noise {unknown}
Potions
 e - 2 potions of flight {unknown}
 f - 3 potions of lignification {unknown}
 h - 4 potions of curing {unknown}
 k - 3 potions of ambrosia
 l - a potion of heal wounds {unknown}
 m - 2 potions of brilliance {unknown}
 p - a potion of degeneration {unknown}


   Skills:
 - Level 4.0 Fighting
 - Level 3.0 Dodging
 - Level 1.5 Stealth
 * Level 6.2 Unarmed Combat


You had 4 spell levels left.
You didn't know any spells.
Your spell library was empty.

Dungeon Overview and Level Annotations

Branches:
Dungeon (4/15)
 Temple: D:4-7

Altars:
The Shining One

Annotations:
D:3 Sigmund


Message History

The hound closely misses you.
A gnoll comes into view. It is wielding a +0 whip.
You hit the hound.
The hound is moderately wounded.
The hound bites you but does no damage. The hound barely misses you.
You hit the hound.
The hound is moderately wounded.
The hound bites you.
You punch the hound!
The hound is almost dead.
The hound bites you.
You closely miss the hound.
The hound is almost dead.
The hound bites you but does no damage. The hound closely misses you.
You hit the hound.
You kill the hound!
A gnoll sergeant comes into view. It is wielding a +0 trident.
Your Unarmed Combat skill increases to level 6!
A gnoll comes into view. It is wielding a +0 flail.
Found 17 stones.
You see here a hound corpse.
The gnoll shouts!
You hit the gnoll.
The gnoll is moderately wounded.
The gnoll hits you with a +0 whip.
You barely miss the gnoll. You punch the gnoll.
The gnoll is severely wounded.
The gnoll hits you with a +0 whip!
A gnoll comes into view. It is wielding a +0 club.
The gnoll sergeant hits you from afar with a +0 trident!
The gnoll shouts!
You punch the gnoll!
You kill the gnoll!
The gnoll sergeant hits you from afar with a +0 trident!
The gnoll sergeant hits you with a +0 trident!
* * * LOW HITPOINT WARNING * * *
You see here a +0 whip.
You hit the gnoll sergeant but do no damage.
The gnoll sergeant hits you with a +0 trident.
You die...

#.# #.#.# #.# #.#.#
#.# #.#.# #.# #.#.#
.
#.####.#.########..
#......<...........
###
###.####.####......
.. #.# #.####......
# #.# #.#†@ggg..(.
# #.# #..###......
# #.# #..# ..#.# #
#.# ##.# ##
#####..#.# ##.
<....... ..
######## ###


You could see a gnoll sergeant and 2 gnolls.

Vanquished Creatures
  A hound (D:4)
  Jessica (D:3)
  A gnoll (D:4)
  6 adders
  An ufetubus (D:3)
  2 worms (D:3)
  5 dart slugs
  5 endoplasms
  2 giant cockroaches
  7 goblins
  6 hobgoblins
  2 kobolds
  2 ball pythons
  4 bats
  A frilled lizard (D:1)
  4 rats
50 creatures vanquished.

Notes
Turn   | Place    | Note
-------+----------+-------------------------------------------
     0 | D:1      | avis the Hill Orc Monk began the quest for the Orb.
     0 | D:1      | Reached XP level 1. HP: 19/19 MP: 1/1
   265 | D:1      | Reached XP level 2. HP: 26/27 MP: 2/2
   518 | D:1      | Reached skill level 4 in Unarmed Combat
   749 | D:1      | Reached XP level 3. HP: 33/33 MP: 3/3
  1368 | D:2      | Reached skill level 5 in Unarmed Combat
  1510 | D:2      | Reached XP level 4. HP: 28/40 MP: 4/4
  1773 | D:2      | Found a glowing golden altar of the Shining One.
  2403 | D:3      | Noticed Jessica
  2412 | D:3      | Killed Jessica
  2657 | D:3      | Reached XP level 5. HP: 39/46 MP: 5/5
  2865 | D:3      | Noticed Sigmund
  3066 | D:3      | Noticed Natasha
  3721 | D:4      | Reached skill level 6 in Unarmed Combat
  3726 | D:4      | Slain by a gnoll sergeant

Illustrated notes

Levels and vault maps discovered:
D:1:      shiori_arrival_maze, layout_loops_ring
D:2:      minmay_skewed_foursquare, layout_basic, basic_altar
D:3:      layout_loops_cross, uniq_natasha, uniq_jessica, uniq_sigmund
D:4:      layout_loops_ring

Skill      XL: |  1  2  3  4  5 |
---------------+----------------+-----
Fighting       | 4 |  4.0
Unarmed Combat | 4 5 6 |  6.2
Dodging        | 3 |  3.0
Stealth        | |  1.5

Action                   |  1- 3 |  4- 6 || total
-------------------------+-------+-------++-------
Melee: Unarmed           |    92 |    84 ||   176
       Punch             |     3 |     2 ||     5
 Fire: Hunting sling     |     9 |    11 ||    20
 Stab: Sleeping          |     3 |     1 ||     4
       Distracted        |       |     1 ||     1
Armor: Robe              |     5 |       ||     5
       Leather armour    |    10 |    18 ||    28
Dodge: Dodged            |    57 |    29 ||    86

Table legend: (Time is in decaauts)
 A = Elapsed time spent in this place.
 B = Non-inter-level travel time spent in this place.
 C = Inter-level travel time spent in this place.
 D = Time resting spent in this place.
 E = Time spent auto-exploring this place.
 F = Levels seen in this place.
 G = Mean time per level.
                   A        B        C        D        E       F      G
               +--------+--------+--------+--------+--------+-----+--------+
         Total |   3721 |   3386 |    335 |    961 |   1820 |   4 |  930.2 |
       Dungeon |   3721 |   3386 |    335 |    961 |   1820 |   4 |  930.2 |
               +--------+--------+--------+--------+--------+-----+--------+

Top non-repeatable levels by time:
     D:2: 1385 daAuts
     D:3: 1268 daAuts
     D:1: 1014 daAuts
     D:4: 53 daAuts
